 Dungeon Crawl Stone Soup version 0.27.1-33-g824d729ab1 (webtiles) character file.

Game seed: 16828161255586549215

1479 alasdair19 the Slasher (level 8, 0/70 HPs)
             Began as a Minotaur Fighter on Dec 9, 2021.
             Killed by nerve-wracking pain
             ... invoked by an orc priest
              (8 damage)
             ... on level 6 of the Dungeon.
             The game lasted 00:15:25 (6847 turns).

alasdair19 the Slasher (Minotaur Fighter)           Turns: 6847, Time: 00:15:25

Health: 0/70       AC: 13    Str: 29    XL:     8   Next: 50%
Magic:  7/7        EV:  6    Int:  6    God:
Gold:   151        SH: 11    Dex:  9    Spells: 7/7 levels left

rFire    + . .     SeeInvis .   a - +0 long sword
rCold    . . .     Faith    .   c - +0 kite shield
rNeg     . . .     Spirit   .   l - +0 plate armour
rPois    .         Reflect  .   m - +1 hat
rElec    .         Harm     .   (no cloak)
rCorr    .         Rampage  .   (no gloves)
Will     .....                  (no boots)
Stlth    ..........             (no amulet)
HPRegen  0.21/turn              i - ring of protection from fire
MPRegen  0.10/turn              o - +6 ring of strength

@: no status effects
A: horns 2, retaliatory headbutt
a: no special abilities


You were on level 6 of the Dungeon.
You visited 1 branch of the dungeon, and saw 6 of its levels.

You collected 261 gold pieces.
You spent 110 gold pieces at shops.

Inventory:

Hand Weapons
 a - a +0 long sword (weapon)
 z - a +2 battleaxe of electrocution
Missiles
 q - 17 boomerangs (quivered)
 A - 2 datura-tipped darts
Armour
 b - a +0 scale mail
 c - a +0 kite shield (worn)
 l - a +0 plate armour (worn)
 m - a +1 hat (worn)
Jewellery
 i - a ring of protection from fire (left hand)
 o - a +6 ring of strength (right hand)
 s - a +6 ring of dexterity
Wands
 d - a wand of charming (8)
 u - a wand of iceblast (6)
Scrolls
 e - a scroll of noise {unknown}
 f - 2 scrolls of fear {unknown}
 h - 10 scrolls of teleportation
 v - a scroll of summoning {unknown}
 x - a scroll of enchant armour {unknown}
 y - a scroll of immolation {unknown}
 B - a scroll of torment {unknown}
 C - a scroll of vulnerability {unknown}
 D - a scroll of acquirement {unknown}
Potions
 g - a potion of brilliance
 j - a potion of cancellation {unknown}
 k - 3 potions of lignification
 n - 4 potions of curing
 p - 4 potions of heal wounds
 r - a potion of resistance {unknown}
 t - 2 potions of haste
 w - a potion of attraction {unknown}


   Skills:
 * Level 5.9 Fighting
 + Level 7.5 Long Blades
 + Level 3.0 Throwing
 + Level 6.4 Armour
 + Level 6.5 Shields
 * Level 2.5 Evocations


You had 7 spell levels left.
You didn't know any spells.
Your spell library was empty.

Dungeon Overview and Level Annotations

Branches:
Dungeon (6/15)
 Temple: D:4-7

Altars:
Dithmenos
Nemelex Xobeh

Shops:
D:3 !

Annotations:
D:1 1 runed translucent door


Innate Abilities, Weirdness & Mutations

You have a pair of horns on your head.
You reflexively headbutt those who attack you in melee.


Message History

You slash Maggie!
You are no longer entranced.
You kill Maggie!
You block the steam dragon's attack. The steam dragon claws you.
Your Throwing skill increases to level 3!
The steam dragon bites you. You block the steam dragon's attack.
Items here: ! ) [ †.
You closely miss the steam dragon. Your headbutt misses the steam dragon.
The steam dragon is lightly wounded.
An orc priest comes into view. It is wielding a +0 club.
The steam dragon breathes steam at you. The ball of steam hits you. You resist.
You hit the steam dragon but do no damage.
You headbutt the steam dragon!
The steam dragon is moderately wounded.
The orc priest calls down the wrath of Beogh upon you.
You struggle to resist.
The steam dragon bites you. You block the steam dragon's attack.
The orc wizard mumbles some strange words.
The orc wizard flickers and vanishes!
Deactivating autopickup; reactivate with Ctrl-A.
The orc hits you with a +0 war axe.
The orc priest mumbles some strange prayers to Beogh against you.
Pain shoots through your body!
* * * LOW HITPOINT WARNING * * *
You block the steam dragon's attack.
The steam dragon claws you but does no damage.
The steam dragon bites you.
* * * LOW HITPOINT WARNING * * *
The steam dragon barely misses you. The steam dragon breathes steam at you.
The ball of steam hits you. You resist.
* * * LOW HITPOINT WARNING * * *
You see here a +0 hunting sling.
There is a stone staircase leading up here.
The orc is engulfed in a cloud of scalding steam.
The orc dies!
The orc priest mumbles some strange prayers to Beogh against you.
Pain shoots through your body!
You die...

./. .#.##........ #.#
............#
.#..###...........
#.......##.......# #
#..............#.####.##
.......o................
.......)................
#.......................
###........D@.[[<.......
#.........§.§§§#.#####
#...........§.§#.#
##...........§§..# #
#.............### .#
.......#.####..# ###.#
#####..#.# #...##....#
#.##.###.#.#.....##
#.#...#........#


You could see a steam dragon (catching breath) and an orc priest.

Vanquished Creatures
  Maggie (D:6)
  Edmund (D:4)
  An ogre (D:5)
  Blork the orc (D:5)
  A scorpion (D:5)
  3 wights
  4 bullfrog zombies
  A jelly (D:5)
  3 orc priests
  2 bullfrog skeletons (D:5)
  2 hounds
  Ijyb (D:5)
  3 iguanas
  3 orc wizards (D:5)
  A hound skeleton (D:5)
  A gnoll (D:1)
  10 adders
  A white imp (D:5)
  An ufetubus (D:4)
  An adder skeleton (D:4)
  3 worms
  2 dart slugs
  23 orcs
  A bat (D:2)
  3 endoplasms
  5 giant cockroaches
  8 goblins
  5 hobgoblins
  3 jackals (D:1)
  2 kobolds
  4 quokkas
  4 ball pythons
  3 frilled lizards
  7 rats
115 creatures vanquished.

Vanquished Creatures (others)
  An orc (D:6)
1 creature vanquished.

Grand Total: 116 creatures vanquished

Notes
Turn   | Place    | Note
-------+----------+-------------------------------------------
     0 | D:1      | alasdair19 the Minotaur Fighter began the quest for the
                  | Orb.
     0 | D:1      | Reached XP level 1. HP: 19/19 MP: 0/0
     1 | D:1      | Found a runed translucent door.
    66 | D:1      | Reached XP level 2. HP: 23/27 MP: 1/1
   160 | D:1      | Reached skill level 3 in Long Blades
   627 | D:1      | Reached XP level 3. HP: 33/33 MP: 2/2
  1272 | D:2      | Reached XP level 4. HP: 36/40 MP: 3/3
  1484 | D:2      | Found a faded altar of an unknown god.
  2451 | D:3      | Reached skill level 4 in Long Blades
  2595 | D:3      | Found Nubemm's Distillery.
  2613 | D:3      | Bought a potion of heal wounds for 55 gold pieces
  2733 | D:3      | Reached XP level 5. HP: 40/46 MP: 4/4
  3673 | D:4      | Found a shadowy altar of Dithmenos.
  3820 | D:4      | Reached skill level 5 in Shields
  3822 | D:4      | Reached skill level 1 in Throwing
  3914 | D:4      | Noticed Edmund
  3924 | D:4      | Killed Edmund
  3925 | D:4      | Reached skill level 5 in Long Blades
  3925 | D:4      | Reached skill level 5 in Armour
  3925 | D:4      | Reached XP level 6. HP: 45/53 MP: 5/5
  4434 | D:4      | Found a sparkling altar of Nemelex Xobeh.
  4472 | D:5      | Entered Level 5 of the Dungeon
  4959 | D:3      | Bought a potion of heal wounds for 55 gold pieces
  5084 | D:5      | Noticed Ijyb
  5099 | D:5      | Killed Ijyb
  5390 | D:5      | Reached XP level 7. HP: 60/60 MP: 6/6
  5407 | D:5      | Reached skill level 6 in Long Blades
  5459 | D:5      | Noticed Blork the orc
  5478 | D:5      | Killed Blork the orc
  5479 | D:5      | Reached skill level 5 in Fighting
  5488 | D:5      | Reached skill level 1 in Evocations
  6567 | D:6      | Reached XP level 8. HP: 57/68 MP: 7/7
  6599 | D:6      | Reached skill level 7 in Long Blades
  6823 | D:6      | Noticed Maggie
  6838 | D:6      | Killed Maggie
  6847 | D:6      | Killed from afar by an orc priest

Illustrated notes

Levels and vault maps discovered:
D:1:      dpeg_arrival_caged_fury, layout_basic
D:2:      layout_basic, dreamdust_ecumenical_altar_statues
D:3:      layout_basic, serial_shops, shop
D:4:      layout_basic, mainiacjoe_overflow_paths, nemelex_diamond_rough_becter,
          uniq_edmund
D:5:      wander_river, layout_basic, hangedman_decor_slide_cut, uniq_ijyb,
          uniq_crazy_yiuf_cottage, uniq_blork_the_orc
D:6:      layout_rooms, grunt_temple_overflow_diamond, temple_statues,
          serial_shops, nicolae_shop_stone, minmay_mini_ossuary, uniq_maggie

Skill      XL: |  1  2  3  4  5  6  7  8 |
---------------+-------------------------+-----
Shields        | 4 5 6 |  6.5
Long Blades    | 3 4 5 6 7 |  7.5
Armour         | 4 5 6 |  6.4
Fighting       | 4 5 |  5.9
Throwing       | 1 2 3 |  3.0
Evocations     | 1 2 |  2.5

Action                   |  1- 3 |  4- 6 |  7- 9 || total
-------------------------+-------+-------+-------++-------
Melee: Long sword        |    54 |   189 |   110 ||   353
       Headbutt          |     9 |    33 |    21 ||    63
Throw: Boomerang         |       |     2 |    25 ||    27
  Use: Scroll            |       |     5 |       ||     5
       Potion            |       |     3 |     1 ||     4
Armor: Scale mail        |    22 |    21 |       ||    43
       Plate armour      |       |    75 |    59 ||   134
Dodge: Dodged            |    11 |    46 |    20 ||    77
Block: Kite shield       |    33 |   109 |    60 ||   202
       Rpst.: Long sword |     3 |     7 |     4 ||    14
